 Dungeon Crawl Stone Soup version 0.28.0-45-g0d030f2227 (webtiles) character file.

Game seed: 5206891503479028881

233 GigaChad the Slasher (level 5, -6/47 HPs)
             Began as a Minotaur Fighter on Apr 13, 2022.
             Was a Believer of Okawaru.
             Killed by divine providence
             ... invoked by an orc priest
              (10 damage)
             ... on level 4 of the Dungeon on Apr 14, 2022.
             The game lasted 00:09:33 (2910 turns).

GigaChad the Slasher (Minotaur Fighter)             Turns: 2910, Time: 00:09:35

Health: -6/47      AC:  9    Str: 20    XL:     5   Next: 74%
Magic:  4/4        EV:  7    Int:  5    God:    Okawaru [**....]
Gold:   165        SH:  5    Dex: 12    Spells: 4/4 levels left

rFire   + . .      SeeInvis .   a - +0 long sword (protect)
rCold   . . .      Faith    .   c - +0 buckler
rNeg    . . .      Spirit   .   q - +0 chain mail {rF+}
rPois   .          Reflect  .   (helmet restricted)
rElec   .          Harm     .   (no cloak)
rCorr   .          Rampage  .   (no gloves)
Will    .....                   (no boots)
Stlth   ..........              (no amulet)
HPRegen 0.15/turn               (no ring)
MPRegen 0.09/turn               (no ring)

@: no status effects
A: horns 2, retaliatory headbutt
a: Renounce Religion, Heroism


You were on level 4 of the Dungeon.
You worshipped Okawaru.
Okawaru was pleased with you.
You visited 1 branch of the dungeon, and saw 4 of its levels.

You collected 165 gold pieces.

Inventory:

Hand Weapons
 a - a +0 long sword of protection (weapon)
 e - a +1 short sword of draining
 o - a +0 hand axe of venom
 s - a +0 broad axe
 t - a +0 falchion
Missiles
 k - 64 bolts
 p - 19 sling bullets
 r - 20 arrows
Armour
 b - a +0 scale mail
 c - a +0 buckler (worn)
 q - a +0 chain mail of fire resistance (worn)
Scrolls
 f - a scroll of vulnerability {unknown}
 n - 2 scrolls of identify
Potions
 d - 2 potions of might
 g - a potion of lignification {unknown}
 h - a potion of cancellation
 i - a potion of flight {unknown}
 j - 2 potions of curing {unknown}
 l - a potion of berserk rage {unknown}
 m - 2 potions of haste {unknown}


   Skills:
 + Level 4.9 Fighting
 + Level 5.0 Long Blades
 + Level 4.7 Armour
 + Level 0.7 Dodging
 + Level 4.3 Shields


You had 4 spell levels left.
You didn't know any spells.
Your spell library contained the following spells:

 Spells                   Type           Power      Damage    Failure   Level
 Sandblast                Erth           0%         2d4       100%        1
 Passwall                 Tmut/Erth      0%         N/A       100%        2
 Stone Arrow              Conj/Erth      0%         3d7       100%        3


Dungeon Overview and Level Annotations

Branches:
Dungeon (4/15)
 Temple: D:4-7

Altars:
Dithmenos
Nemelex Xobeh
Okawaru
Wu Jian

Shops:
D:2 [


Innate Abilities, Weirdness & Mutations

You have a pair of horns on your head.
You reflexively headbutt those who attack you in melee.


Message History

Something hits you but does no damage.
You miss something. Your headbutt misses something. Something hits you.
You hit something. Something hits you.
You barely miss something. Something hits you.
You barely miss something. You headbutt something! Okawaru accepts your kill.
Reactivating autopickup.
You feel a bit more experienced.
Items here: )) [[ †.
An orc priest and an orc come into view.
Found a chain mail.
The orc priest shouts!
You hear a shout!
An orc priest comes into view.
It is wielding a +0 flail. 2 orcs come into view.
Found 13 gold pieces.
The orc shouts!
The orc priest invokes the aid of Beogh against you.
Beogh smites you!
You hit the orc. Your headbutt misses the orc.
The orc is lightly wounded.
You barely miss the orc. You block the orc's attack.
The orc hits you but does no damage.
The orc priest mumbles some strange prayers to Beogh against you.
Beogh smites you! The orc hits you with a +0 short sword.
You hit the orc. You headbutt the orc.
You kill the orc!
Okawaru accepts your kill. The orc hits you with a +0 short sword.
The orc priest mumbles some strange prayers to Beogh against you.
Pain shoots through your body!
* * * LOW HITPOINT WARNING * * *
As you read the scroll labelled BIAD HYSHU, it crumbles to dust.
It is a scroll of brand weapon.
Your +0 long sword projects an invisible shield of force!
a - a +0 long sword of protection (weapon)
The orc hits you with a +0 short sword.
* * * LOW HITPOINT WARNING * * *
The orc priest calls down the wrath of Beogh upon you.
Beogh smites you!
You die...

.#
#.##.##.##.###..##.##.#
.#
#.##.##.........##.##.##
.##
#.......##.####.##.....#
..# ####.<.....#
#.#####..# ..#######
#.####### #........#
........#####.#
############.#
..##.....##...# .....#
#.#
.....###.##.######.....#
#.# .....# #.##.#
#@oo..[.# #.#
.....###..#.# #o#o..$.#
#.# ..#.).[...#.####.#
....# ##.#
.....)...........# ####
#..# ..#.#####.###.####
#.## ..#.#####.# #.# #.#
.##.......###.#
#########.#
.########.....#
#......##.# .# ##.####
#.####.##.#


You could see 2 orc priests and 2 orcs.

Vanquished Creatures
  An iguana (D:4)
  3 orc wizards (D:4)
  6 adders
  3 dart slugs
  8 orcs
  3 endoplasms
  A giant cockroach (D:1)
  8 goblins
  8 hobgoblins
  10 ball pythons
  5 bats
  2 frilled lizards (D:2)
  A jackal skeleton (D:4)
  2 kobolds
  7 rats
68 creatures vanquished.

Notes
Turn   | Place    | Note
-------+----------+-------------------------------------------
     0 | D:1      | GigaChad the Minotaur Fighter began the quest for the Orb.
     0 | D:1      | Reached XP level 1. HP: 19/19 MP: 0/0
   531 | D:1      | Found a faded altar of an unknown god.
   550 | D:1      | Prayed at the altar of an unknown god.
   550 | D:1      | Became a worshipper of Warmaster Okawaru
   550 | D:1      | Reached * piety under Okawaru
   642 | D:2      | Reached XP level 2. HP: 27/27 MP: 1/1
   717 | D:2      | Found Uhyluus's Antique Armour Emporium.
   904 | D:2      | Reached skill level 3 in Long Blades
   904 | D:2      | Reached XP level 3. HP: 25/33 MP: 2/2
  1222 | D:2      | Reached XP level 4. HP: 33/41 MP: 3/3
  1426 | D:3      | Found a sparkling altar of Nemelex Xobeh.
  1915 | D:3      | Found a shadowy altar of Dithmenos.
  2339 | D:4      | Found an ornate altar of the Wu Jian Council.
  2425 | D:4      | Reached skill level 4 in Long Blades
  2425 | D:4      | Reached XP level 5. HP: 47/47 MP: 4/4
  2791 | D:4      | Reached ** piety under Okawaru
  2792 | D:4      | Reached skill level 5 in Long Blades
  2910 | D:4      | Killed from afar by an orc priest

Illustrated notes

Levels and vault maps discovered:
D:1:      lightli_arrival_chessboard, layout_loops_ring,
          shapermc_ecumenical_altar_pompeii
D:2:      minmay_wonky_spiral, layout_rooms, serial_shops, nicolae_diamond_shop,
          chequers_serial_rivers_small_b, minmay_domino_2
D:3:      layout_basic, mainiacjoe_overflow_paths, lemuel_tele_altar,
          minmay_goblin_outpost
D:4:      kennysheep_goblin_castle, layout_loops_cross,
          nicolae_wu_jian_glorious_leap, st_stairs_7

Skill      XL: |  1  2  3  4  5 |
---------------+----------------+-----
Armour         | 4 |  4.7
Fighting       | 4 |  4.9
Long Blades    | 3 4 5 |  5.0
Shields        | 4 |  4.3
Dodging        | |  0.7

Action                   |  1- 3 |  4- 6 || total
-------------------------+-------+-------++-------
Melee: Long sword        |    60 |    86 ||   146
       Headbutt          |     6 |    12 ||    18
  Use: Scroll            |     2 |     1 ||     3
Armor: Scale mail        |    27 |    38 ||    65
       Chain mail        |       |    44 ||    44
Dodge: Dodged            |    33 |    52 ||    85
Block: Buckler           |    21 |    28 ||    49
